 Dungeon Crawl Stone Soup version 0.31-a0-746-ge8284cb111 (webtiles) character file.

Game seed: 2475261723546982553

53 CrazyBamboolord the Changeling (level 3, 0/26 HPs)
             Began as a Demonspawn Shapeshifter on Sept 14, 2023.
             Slain by an iguana (10 damage)
             ... on level 3 of the Dungeon.
             The game lasted 00:01:55 (1621 turns).

CrazyBamboolord the Changeling (DsSh)               Turns: 1621, Time: 00:01:56

Health: 0/26       AC:  6    Str: 16    XL:     3   Next: 64%
Magic:  3/3        EV:  9    Int: 11    God:
Gold:   75         SH:  0    Dex: 12    Spells: 2/2 levels left

rFire   . .          .
                       - Unarmed
rCold   . . .        (no shield)
rNeg    . . .        o - +0 scale mail
rPois   .            (helmet currently unavailable)
rElec   .            (cloak currently unavailable)
rCorr   .            (gloves currently unavailable)
SInv    .            (boots currently unavailable)
Will    .....        (no amulet) Stlth
                     e - ring of flight
HPRegen 0.24/turn    (no ring)
MPRegen 0.08/turn

%: no passive effects
@: beast-form, flying
A: beast (slay +2), spiny 1
a: Begin Untransformation


You were on level 3 of the Dungeon.
You were a hulking beast.
You visited 1 branch of the dungeon, and saw 3 of its levels.

You collected 114 gold pieces.
You spent 39 gold pieces at shops.

Inventory:

Missiles
 n - a throwing net
Armour
 o - a +0 scale mail (worn)
Jewellery
 e - a ring of flight (left hand)
 q - an amulet of guardian spirit
Talismans
 c - a beast talisman (active)
 d - a flux talisman
 l - a dragon-blood talisman
Scrolls
 h - 2 scrolls of immolation {unknown}
 j - 2 scrolls of teleportation {unknown}
 m - a scroll of enchant armour {unknown}
Potions
 a - a potion of cancellation {unknown}
 b - a potion of lignification
 f - a potion of might {unknown}
 g - 3 potions of attraction {unknown}
 i - a potion of curing
 k - a potion of haste {unknown}
 p - a potion of enlightenment {unknown}
 r - a potion of degeneration {unknown}


   Skills:
 - Level 1.0 Fighting
 - Level 1.7 Dodging
 - Level 2.6 Unarmed Combat
 + Level 4.0 Shapeshifting


You had 2 spell levels left.
You didn't know any spells.
Your spell library was empty.

Dungeon Overview and Level Annotations

Branches:
Dungeon (3/15)

Altars:

Shops:
D:1 *


Innate Abilities, Weirdness & Mutations

You are a hulking beast.
Your limbs bulge with bestial killing power. (Slay +2)
You are partially covered in sharp spines.


Message History

The orc barely misses you.
There are monsters nearby!
You closely miss the orc.
The orc is almost dead.
The kobold is struck by your spines.
You kill the kobold!
The orc is struck by your spines.
You kill the orc!
There are monsters nearby!
You closely miss the iguana. The bat hits you. The iguana bites you!
You barely miss the iguana. The bat hits you but does no damage.
The iguana bites you!
* * * LOW HITPOINT WARNING * * *
The frilled lizard bites you.
* * * LOW HITPOINT WARNING * * *
Unknown command.
You are too injured to fight recklessly!
Unknown command.
The iguana attacks as it pursues you! The iguana is struck by your spines.
The iguana closely misses you. The bat is struck by your spines.
The bat hits you.
* * * LOW HITPOINT WARNING * * *
You closely miss the iguana.
The iguana is moderately wounded.
The bat closely misses you. The bat is struck by your spines.
You kill the bat!
Unknown command.
You closely miss the iguana. Your punch misses the iguana.
The iguana is lightly wounded.
The frilled lizard bites you but does no damage.
The iguana is struck by your spines. The iguana bites you.
* * * LOW HITPOINT WARNING * * *
Unknown command.
You barely miss the iguana.
The iguana is moderately wounded.
The iguana bites you.
* * * LOW HITPOINT WARNING * * *
The frilled lizard bites you but does no damage.
You feel better. The iguana bites you!
You die...

..... #......#
.....
######......#
......
#.............
......
####...........#.#
......
##....)....######
# ......
#...)......#
......
####.#.########
......
.........###
......
##...###hl.# ...##
#.# #l#†...# ...#
.. #)).....# ...#
. ....#.#... ...##
.##......## ....#
.. .###... ###...
.. .. #.# ##. .#.
.# .# ..# ..


You could see an iguana and a frilled lizard.

Vanquished Creatures
  An adder (D:2)
  A worm (D:3)
  An orc (D:3)
  4 ball pythons
  5 endoplasms
  A giant cockroach (D:2)
  A goblin (D:2)
  2 hobgoblins (D:3)
  7 kobolds
  A quokka (D:1)
  5 bats
  3 frilled lizards
  7 rats
39 creatures vanquished.

Notes
Turn   | Place    | Note
-------+----------+-------------------------------------------
     0 | D:1      | CrazyBamboolord the Demonspawn Shapeshifter began the quest
                  | for the Orb.
     0 | D:1      | Reached XP level 1. HP: 15/15 MP: 1/1
    78 | D:1      | Found a faded altar of an unknown god.
   106 | D:1      | Reached skill level 3 in Shapeshifting
   243 | D:1      | Gained mutation: You are partially covered in sharp spines.
                  | [demonic ancestry]
   243 | D:1      | Reached XP level 2. HP: 14/21 MP: 2/2
   487 | D:1      | Found Cadiux's General Store.
   495 | D:1      | Bought a potion of curing for 39 gold pieces
  1120 | D:2      | Reached XP level 3. HP: 26/26 MP: 3/3
  1362 | D:2      | Identified the +5 scale mail "Veiss" {+Blink Str+2}
  1596 | D:3      | Reached skill level 4 in Shapeshifting
  1621 | D:3      | Slain by an iguana

Illustrated notes

Levels and vault maps discovered:
D:1:      scummos_arrival_checkerplants, layout_loops_ring, serial_shops, shop,
          hellmonk_ecumenical_altar_leap_of_faith,
          amcnicky_mini_corridor_feature, solitary_fountain
D:2:      layout_loops_ring
D:3:      layout_basic, nicolae_overflow_quartered_altars,
          minmay_fractal_squares_5, uniq_ijyb

Skill      XL: |  1  2  3 |
---------------+----------+-----
Shapeshifting  | 3 4 |  4.0
Fighting       | |  1.0
Dodging        | |  1.7
Unarmed Combat | |  2.6

Action                     || total
---------------------------++-------
  Melee: Unarmed           ||    89
         Punch             ||     3
    Use: Potion            ||     1
   Stab: Sleeping          ||     1
 Armour: Leather armour    ||    10
         Animal skin       ||     2
         Scale mail        ||    26
  Dodge: Dodged            ||    42

Table legend: (Time is in decaauts)
 A = Elapsed time spent in this place.
 B = Non-inter-level travel time spent in this place.
 C = Inter-level travel time spent in this place.
 D = Time resting spent in this place.
 E = Time spent auto-exploring this place.
 F = Levels seen in this place.
 G = Mean time per level.
                   A        B        C        D        E       F      G
               +--------+--------+--------+--------+--------+-----+--------+
         Total |   1615 |   1526 |     89 |      0 |   1268 |   3 |  538.3 |
       Dungeon |   1615 |   1526 |     89 |      0 |   1268 |   3 |  538.3 |
               +--------+--------+--------+--------+--------+-----+--------+

Top non-repeatable levels by time:
     D:2: 746 daAuts
     D:1: 626 daAuts
     D:3: 242 daAuts
